 Dungeon Crawl Stone Soup version 0.19.5 (webtiles) character file.

22787 RaHiT the Thaumaturge (level 12, -2/83 HPs)
             Began as a Mummy Conjurer on Apr 25, 2017.
             Was a Priest of Vehumet.
             Splashed by an oklob plant's acid (14 damage)
             ... on level 3 of the Lair of Beasts on Apr 27, 2017.
             The game lasted 02:01:26 (21239 turns).

RaHiT the Thaumaturge (Mummy Conjurer)             Turns: 21239, Time: 02:01:27

Health: -2/83      AC: -1    Str: 12    XL:     12   Next: 66%
Magic:  35/37      EV: 12    Int: 19    God:    Vehumet [***...]
Gold:   966        SH:  6    Dex: 12    Spells: 4 memorised, 23 levels left

rFire  . . .     SeeInvis .     N - +0 scimitar (flame)
rCold  + . .     Gourm    .     v - +2 robe {rF+}
rNeg   + + +     Faith    .     (no shield)
rPois  ∞         Spirit   .     p - +2 helmet
rElec  .         Reflect  +     f - +0 cloak
rCorr  .         Harm     .     x - +0 pair of gloves
MR     ++...                    r - +1 pair of boots
Stlth  ++........               m - +6 amulet of reflection
                                K - ring of magical power
                                T - ring of protection from magic

@: corroded
A: no food or potions, fire vulnerability, cold resistance 1, negative energy
resistance 3, torment resistance, unbreathing
a: Renounce Religion


You were on level 3 of the Lair of Beasts.
You worshipped Vehumet.
Vehumet was most pleased with you.
You were not hungry.

You visited 3 branches of the dungeon, and saw 15 of its levels.
You also visited: Ossuary.

You collected 985 gold pieces.
You spent 19 gold pieces at shops.

Inventory:

Hand Weapons
 h - a +4 dagger
 q - a cursed -3 dagger
 y - a +2 falchion of holy wrath
 A - a +4 hand axe
 D - a +0 falchion of holy wrath
 G - a +2 vampiric scimitar
 H - a +4 spear
 I - a +2 dagger of speed
 N - a +0 scimitar of flaming (weapon)
Missiles
 d - 6 tomahawks of dispersal (quivered)
 u - 7 needles of sleeping
Armour
 a - a +2 chain mail of fire resistance
 f - a +0 cloak (worn)
 l - a +0 shield
 p - a +2 helmet (worn)
 r - a +1 pair of boots (worn)
 v - a +2 robe of fire resistance (worn)
 x - a +0 pair of gloves (worn)
 O - a cursed -1 leather armour
 S - a +3 ring mail
Jewellery
 j - an uncursed ring of ice
 m - a +6 amulet of reflection (around neck)
 B - an uncursed ring of protection from fire
 J - an uncursed ring of ice
 K - a ring of magical power (right hand)
 L - an uncursed ring of protection from fire
 T - a ring of protection from magic (left hand)
Wands
 b - a wand of enslavement (19/24)
 s - a wand of paralysis (15/24)
 F - a wand of lightning (6/15)
 M - a wand of iceblast (8/15)
 R - a wand of iceblast (8/15)
Scrolls
 c - 3 scrolls of amnesia
 e - 9 scrolls of remove curse
 g - 5 scrolls of enchant weapon
 i - a scroll of noise
 k - a scroll of magic mapping
 n - a scroll of immolation
 o - 11 scrolls of teleportation
 w - 4 scrolls of recharging
 z - a scroll of enchant armour
 C - a scroll of blinking
 E - 2 scrolls of identify
 P - a scroll of holy word
 U - a scroll of torment


   Skills:
 - Level 4.0 Fighting
 - Level 2.1 Dodging
 - Level 1.5 Stealth
 - Level 4.0 Shields
 * Level 12.3 Spellcasting
 - Level 12.0 Conjurations
 - Level 5.3 Evocations


You had 23 spell levels left.
You knew the following spells:

 Your Spells              Type           Power        Failure   Level  Hunger
a - Magic Dart            Conj           ####         1%          1    N/A
b - Iskenderun's Mystic   Conj           ######..     1%          4    N/A
c - Iskenderun's Battles  Conj/Chrm      ####....     4%          5    N/A
q - Searing Ray           Conj           ######       1%          2    N/A

Dungeon Overview and Level Annotations

Branches:
Dungeon (11/15)            Temple (1/1) D:5            Lair (3/6) D:11
  Swamp (0/4) Lair:2       Spider (0/4) Lair:3          Orc (0/2) D:9

Altars:
Ashenzari
Cheibriados
Dithmenos
Elyvilon
Fedhas
Gozag
Hepliaklqana
Kikubaaqudgha
Makhleb
Nemelex Xobeh
Okawaru
Qazlal
Ru
Sif Muna
Trog
Uskayaw
Vehumet
Xom
Yredelemnul
Zin
The Shining One

Shops:
D:4 *   D:6 =

Annotations:
Lair:3 exclusion: oklob plant


Innate Abilities, Weirdness & Mutations

You do not eat or drink.
Your flesh is vulnerable to fire.
You are immune to poison.
Your flesh is cold resistant. (rC+)
You are immune to negative energy. (rN+++)
You are immune to unholy pain and torment.
You can survive without breathing.


Message History

The helpless oklob plant fails to defend itself.
You hit the oklob plant but do no damage.
The oklob plant is lightly damaged.
The helpless oklob plant fails to defend itself.
You hit the oklob plant but do no damage.
The oklob plant is lightly damaged.
The helpless oklob plant fails to defend itself.
You hit the oklob plant but do no damage.
The oklob plant is lightly damaged.
The oklob plant is no longer paralysed.
You hit the oklob plant. You burn the oklob plant.
The oklob plant is lightly damaged.
The oklob plant spits acid at you. The splash of acid hits you!
The acid corrodes you!
You are splashed with acid!
The acid burns!
The oklob plant spits acid at you. The splash of acid hits you!
* * * LOW HITPOINT WARNING * * *
You are splashed with acid!
The acid burns!
You die...

#...## #...# .........[... #P..#
##............. #...#
#................. #P..#
#P................
##..#######.....*..........
....#...#.#P...........#.#
........^......?........#
P..............P@......#
##..#####P##......$....## ##..#
##.............## ### ....###
##.............####.##
#...#.######...................#
...............................##
.........<....#.###..P...######.#
##.............# ###....# ###
#............#.# ##..##


You could see an oklob plant and a friendly battlesphere.

Vanquished Creatures
  Snorg (Lair:3)
  Harold (D:10)
  2 hydras
  Erica (Lair:2)
  4 hill giants
  A manticore (D:11)
  A spiny frog (Lair:2)
  A kobold demonologist (D:11)
  6 komodo dragons
  A troll (D:11)
  Prince Ribbit (D:7)
  4 blink frogs
  4 hippogriffs
  Sigmund (D:6)
  A water elemental (D:11)
  2 wyverns (D:9)
  20 yaks
  2 hungry ghosts (D:11)
  Menkaure (D:4)
  7 insubstantial wisps (Lair:2)
  Duvessa (D:7)
  A water moccasin (Lair:1)
  A swamp drake (D:9)
  8 porcupines
  4 orc warriors
  6 ice beasts
  4 sky beasts
  A necrophage (D:9)
  3 wolves (D:11)
  3 phantoms
  3 centaurs
  7 ogres
  2 crocodiles (Lair:2)
  A big kobold (D:7)
  11 bullfrogs
  2 wyvern zombies
  Dowan (D:7)
  A wyvern skeleton (D:9)
  3 scorpions
  10 killer bees
  3 wights (D:6)
  2 electric eels (D:11)
  4 howler monkeys (D:10)
  6 crimson imps
  A centaur zombie (D:5)
  2 bullfrog zombies
  A quasit (D:11)
  2 centaur skeletons
  8 hounds
  2 jellies
  11 orc priests
  15 orc wizards
  5 iguanas
  10 worker ants
  A statue (D:9)
  A killer bee zombie (D:8)
  4 big kobold zombies (Ossuary)
  A hound zombie (D:8)
  A mummy (Ossuary)
  A howler monkey zombie (D:7)
  Robin (D:2)
  A worker ant zombie (D:6)
  8 adders
  3 gnolls (D:8)
  2 shadow imps
  An ooze (D:4)
  2 adder skeletons (D:9)
  An adder zombie (D:8)
  A worm (D:2)
  2 dart slugs (D:1)
  8 leopard geckos
  50 orcs
  6 spectral bats (Ossuary)
  A ball python (D:3)
  A bat simulacrum (Ossuary)
  7 giant cockroaches
  8 gnoll zombies (Ossuary)
  11 goblins
  7 hobgoblins
  7 jackals
  8 quokkas
  10 bats
  4 frilled lizards
  5 goblin simulacra (Ossuary)
  3 goblin zombies (Ossuary)
  7 hobgoblin zombies (Ossuary)
  19 kobolds
  5 kobold simulacra (Ossuary)
  3 kobold zombies (Ossuary)
  4 orc zombies (Ossuary)
  A quokka skeleton (D:6)
  3 rats (D:1)
  3 rat simulacra (Ossuary)
  3 spectral goblins (Ossuary)
  2 spectral kobolds (Ossuary)
  2 spectral rats (Ossuary)
426 creatures vanquished.

Vanquished Creatures (others)
  A centaur (D:7)
  A goblin (D:1)
  A kobold (D:6)
  A kobold zombie (Ossuary)
4 creatures vanquished.

Grand Total: 430 creatures vanquished

Notes
Turn   | Place    | Note
-------+----------+-------------------------------------------
     0 | D:1      | RaHiT the Mummy Conjurer began the quest for the Orb.
     0 | D:1      | Reached XP level 1. HP: 13/13 MP: 3/3
   230 | D:1      | Reached XP level 2. HP: 11/19 MP: 0/5
   234 | D:1      | Learned a level 2 spell: Searing Ray
  1228 | D:2      | Reached XP level 3. HP: 23/24 MP: 4/7
  1482 | D:2      | Found a glowing silver altar of Zin.
  2077 | D:2      | Noticed Robin
  2168 | D:2      | Killed Robin
  2168 | D:2      | Reached XP level 4. HP: 30/30 MP: 5/10
  2358 | D:3      | Learned a level 4 spell: Iskenderun's Mystic Blast
  2479 | D:3      | Found a sacrificial altar of Ru.
  2746 | D:3      | Reached skill level 5 in Spellcasting
  2746 | D:3      | Reached XP level 5. HP: 32/35 MP: 6/12
  3234 | D:3      | Learned a level 5 spell: Iskenderun's Battlesphere
  3370 | D:4      | Reached skill level 1 in Evocations
  3439 | D:4      | Found a sand-covered staircase.
  3444 | Ossuary  | Entered an ossuary
  3449 | Ossuary  | Reached XP level 6. HP: 39/41 MP: 8/13
  4578 | D:4      | Found Ligyrhaisk's Assorted Antiques.
  4610 | D:4      | Bought a scroll labeled HYOCSO HAACH for 19 gold pieces
  4757 | D:4      | Noticed Menkaure
  4782 | D:4      | Killed Menkaure
  4782 | D:4      | Reached skill level 5 in Conjurations
  4782 | D:4      | Reached XP level 7. HP: 46/46 MP: 6/14
  5087 | D:4      | You fall through a shaft for 2 floors!
  5145 | D:5      | Entered Level 5 of the Dungeon
  5205 | D:5      | Found a staircase to the Ecumenical Temple.
  5216 | Temple   | Entered the Ecumenical Temple
  5463 | D:5      | Reached skill level 1 in Shields
  6797 | D:6      | Found Kyfilept's Jewellery Shop.
  6857 | D:6      | Reached XP level 8. HP: 48/52 MP: 15/17
  6992 | D:6      | Noticed Sigmund
  6998 | D:6      | Killed Sigmund
  8007 | D:7      | Found an opulent altar of Gozag.
  8186 | D:7      | Found a blossoming altar of Fedhas.
  8187 | D:7      | Found a glowing golden altar of the Shining One.
  8314 | D:7      | Found a basalt altar of Yredelemnul.
  8423 | D:7      | Noticed Prince Ribbit
  8507 | D:7      | Reached XP level 9. HP: 48/57 MP: 16/21
  9026 | D:7      | Noticed Duvessa
  9026 | D:7      | Noticed Dowan
  9074 | D:7      | Killed Duvessa
  9091 | D:7      | Killed Dowan
  9091 | D:7      | Reached skill level 1 in Fighting
  9822 | D:7      | Found a blossoming altar of Fedhas.
  9869 | D:7      | Killed Prince Ribbit
 10399 | D:8      | Reached skill level 10 in Spellcasting
 11106 | D:8      | Reached XP level 10. HP: 56/71 MP: 19/24
 11684 | D:9      | Found a staircase to the Orcish Mines.
 11684 | D:9      | Found a sparkling altar of Nemelex Xobeh.
 13375 | D:9      | Found a radiant altar of Vehumet.
 13387 | D:9      | Became a worshipper of Vehumet
 14170 | D:10     | Entered Level 10 of the Dungeon
 14295 | D:10     | Noticed a hill giant
 14301 | D:10     | Killed a hill giant
 14301 | D:10     | Reached XP level 11. HP: 77/77 MP: 9/25
 14410 | D:10     | Noticed Harold
 14425 | D:10     | Killed Harold
 14425 | D:10     | Reached * piety under Vehumet
 14425 | D:10     | Offered knowledge of Sandblast by Vehumet.
 14425 | D:10     | Reached skill level 10 in Conjurations
 15939 | D:11     | Offered knowledge of Sting by Vehumet.
 16078 | D:11     | Reached ** piety under Vehumet
 16144 | D:11     | Noticed a hill giant
 16343 | D:11     | Killed a hill giant
 16379 | D:11     | Found a staircase to the Lair.
 16617 | D:11     | Noticed a hill giant
 16719 | D:11     | Killed a hill giant
 17024 | D:11     | Noticed a hill giant
 17032 | D:11     | Killed a hill giant
 17824 | D:11     | Offered knowledge of Stone Arrow by Vehumet.
 18064 | D:11     | Reached XP level 12. HP: 83/83 MP: 18/27
 18148 | Lair:1   | Entered Level 1 of the Lair of Beasts
 18366 | Lair:1   | Noticed a six-headed hydra
 18372 | Lair:1   | Killed a six-headed hydra
 19149 | Lair:2   | Noticed Erica
 19154 | Lair:2   | Reached skill level 5 in Evocations
 19155 | Lair:2   | Killed Erica
 19733 | Lair:2   | Found a staircase to the Swamp.
 19752 | Lair:2   | Reached *** piety under Vehumet
 20403 | Lair:3   | Noticed Snorg
 20504 | Lair:3   | Killed Snorg
 20747 | Lair:3   | Noticed a seven-headed hydra
 20753 | Lair:3   | Killed a seven-headed hydra
 21064 | Lair:3   | Found a hole to the Spider Nest.
 21239 | Lair:3   | Splashed by an oklob plant's acid

Skill      XL: |  1  2  3  4  5  6  7  8  9 10 11 12 |
---------------+-------------------------------------+-----
Spellcasting   | 3 4 5 6 8 10 11 12 | 12.3
Evocations     | 1 2 4 5 |  5.3
Conjurations   | 5 6 9 11 12 | 12.0
Shields        | 2 4 |  4.0
Dodging        | 2 |  2.1
Fighting       | 4 |  4.0
Stealth        | |  1.5

Action                   |  1- 3 |  4- 6 |  7- 9 | 10-12 || total
-------------------------+-------+-------+-------+-------++-------
Melee: Unarmed           |    13 |       |       |       ||    13
       Dagger            |    15 |   130 |   216 |   101 ||   462
       Scimitar          |       |       |       |    18 ||    18
 Cast: Magic Dart        |    51 |    47 |    85 |   150 ||   333
       Searing Ray       |    11 |    29 |    68 |   140 ||   248
       Iskenderun's Myst |       |       |    10 |    66 ||    76
       Iskenderun's Batt |       |       |       |    16 ||    16
Evoke: Wand              |       |       |     6 |    17 ||    23
  Use: Scroll            |     5 |     6 |     2 |     5 ||    18
 Stab: Paralysed         |       |     1 |    11 |     7 ||    19
       Sleeping          |       |     3 |     4 |     1 ||     8
       Distracted        |       |     1 |       |       ||     1
Armor: Robe              |    10 |    47 |   102 |   134 ||   293
Dodge: Dodged            |    19 |    66 |   148 |   181 ||   414
Block: Other             |     5 |    25 |    78 |    96 ||   204
       Reflection        |       |       |     8 |     9 ||    17
       Rpst.: Scimitar   |       |       |       |     7 ||     7
